Map: Iron Fortress LE (Void)

Players

ViBE

  • Race: Zerg Zerg

GimliTerran (iaguz) - Winner!

  • Race: Terran Terran

VOD

Have the link to the VOD?

Description

Time

  • Played on: April 28, 2015, 9:14 p.m.
  • Length: 12:41
Show
View Real Time Build Order
Export as new Build Order

ViBE Zerg 

Build Orders: Hatch First 

Get SALT Encoding   

  12  0:01  Drone  
  13  0:08  Drone  
  14  0:17  Overlord  
  14  0:25  Drone, Extractor  
  15  0:35  Drone x2  
  17  0:44  Drone  
  18  0:56  Hatchery  
  17  0:59  Drone  
  18  1:12  Spawning Pool  
  18  1:14  Drone  
  18  1:19  Drone  
  19  1:27  Extractor  
  18  1:33  Drone  
  19  1:40  Overlord  
  19  1:51  Drone  
  20  2:00  Queen  
  22  2:05  Zergling x2  
  22  2:08  Drone  
  24  2:10  Queen  
  24  2:11  Drone  
  27  2:20  Drone  
  28  2:26  Extractor  
  28  2:29  Extractor  
  26  2:30  Drone  
  26  2:31  Drone  
  28  2:37  Drone  
  28  2:41  Drone  
  31  2:45  Queen  
  31  2:47  Lair  
  32  2:53  Overlord  
  32  3:00  Overlord  
  32  3:03  Metabolic Boost  
  32  3:05  Zergling x6  
  35  3:15  Roach Warren  
  28  3:57  Roach  
  28  3:58  Roach x4  
  38  4:12  Zergling x6  
  38  4:13  Zergling x12  
  40  4:36  Queen x2  
  40  4:38  Drone x5  
  47  4:51  Overlord  
  47  4:56  Drone x2  
  48  5:07  Spine Crawler x2  
  44  5:28  Roach x6  
  50  5:40  Zergling x4  
  46  5:50  Spire  
  46  5:54  Drone x2  
  46  5:55  Drone x6  
  53  6:05  Drone x2  
  53  6:07  Extractor  
  53  6:09  Extractor  
  53  6:19  Overlord  
  53  6:20  Overlord  
  53  6:22  Drone  
  53  6:23  Drone x6  
  60  6:37  Overlord x2  
  60  6:42  Drone x2  
  62  6:50  Drone x2  
  62  6:52  Overlord  
  64  7:01  Mutalisk  
  64  7:02  Mutalisk x4  
  64  7:05  Drone  
  75  7:09  Mutalisk  
  77  7:15  Queen  
  77  7:30  Mutalisk x2  
  77  7:32  Zergling x20  
  91  7:52  Zergling x6  
  94  7:58  Hatchery  
  92  8:12  Mutalisk x5  
  91  8:26  Zergling x10  
  91  8:27  Zergling x2  
  97  8:30  Zerg Flyer Weapons Level 1  
  97  8:32  Evolution Chamber  
  97  8:34  Evolution Chamber  
  92  8:49  Hydralisk Den  
  91  9:00  Zerg Ground Armor Level 1, Zerg Melee Weapons Level 1  
  91  9:01  Drone  
  91  9:02  Drone x8  
  90  9:26  Zergling x16  
  86  9:44  Drone x3, Lurker Den, Extractor x2  
  86  9:45  Drone x3  
  90  9:56  Overlord x4  
  90  10:00  Hydralisk x2  
  90  10:01  Hydralisk  
  96  10:12  Hydralisk  
  96  10:13  Hydralisk x2  
  102  10:16  Zergling x24  
  114  10:33  Zergling x6  
  106  10:50  Zergling x2  
  106  10:51  Zergling x28  
  91  11:14  Mutalisk x4  
  91  11:15  Mutalisk x4  
  102  11:20  Overseer x2  
  102  11:22  Lurker x2  
  104  11:27  Pneumatized Carapace  
  104  11:28  Queen  
  99  11:43  Mutalisk x6  
  100  11:48  Zergling x6  
  102  11:55  Hydralisk  
  104  12:08  Zergling x18  
Show
View Real Time Build Order
Export as new Build Order

GimliTerran Terran - Winner!

Build Orders: MMM Bio 

Get SALT Encoding   

  12  0:00  SCV  
  13  0:12  SCV  
  14  0:17  Supply Depot  
  14  0:25  SCV  
  15  0:39  SCV  
  15  0:40  Barracks  
  16  0:44  Refinery  
  16  0:51  SCV  
  17  1:03  SCV, Barracks  
  18  1:15  SCV  
  19  1:27  Refinery, Orbital Command  
  19  1:28  Reaper  
  20  1:39  Barracks  
  20  1:49  Supply Depot  
  20  1:52  Reaper  
  21  1:56  SCV  
  22  2:03  Reaper  
  23  2:11  SCV  
  24  2:18  Barracks  
  24  2:23  SCV  
  24  2:24  Reaper  
  26  2:31  Reaper  
  26  2:35  SCV  
  28  2:39  Reaper  
  29  2:47  Barracks  
  29  2:54  SCV  
  29  2:56  Barracks  
  29  2:58  Supply Depot  
  30  2:59  Reaper  
  35  3:20  SCV, Reaper x3  
  34  3:32  Reaper  
  34  3:41  Reaper  
  34  3:46  SCV  
  35  3:48  Supply Depot  
  35  3:49  Reaper  
  35  3:52  Reaper x2  
  38  3:59  Reaper  
  39  4:10  Reaper  
  39  4:13  Supply Depot  
  39  4:14  Command Center  
  39  4:16  Reaper  
  40  4:25  Reaper  
  41  4:35  Reaper  
  35  4:44  SCV  
  36  4:47  Reaper  
  36  4:50  Command Center  
  37  4:55  Reaper  
  38  5:02  SCV  
  38  5:04  Reaper  
  39  5:18  Reaper  
  40  5:25  Reaper  
  41  5:29  Reaper  
  40  5:37  Refinery  
  40  5:40  Reaper  
  40  5:42  SCV  
  41  5:45  Barracks  
  41  5:48  Barracks  
  42  5:53  Refinery, Orbital Command  
  42  5:54  SCV  
  43  6:06  SCV, Orbital Command  
  46  6:15  Engineering Bay  
  47  6:18  SCV  
  47  6:20  Barracks Tech Lab x2, Marine x4  
  47  6:23  SCV  
  47  6:30  SCV  
  48  6:37  SCV x2  
  48  6:38  Barracks Reactor  
  50  6:41  Terran Infantry Weapons Level 1  
  50  6:42  SCV, Barracks Reactor  
  50  6:43  Barracks Reactor x2, Factory  
  51  6:49  Stimpack  
  51  6:54  SCV x2  
  51  6:56  SCV, Marine  
  51  6:57  Marine x3  
  58  7:10  SCV x2  
  58  7:14  Marine  
  61  7:16  Marine x4  
  61  7:17  Marine  
  61  7:18  Combat Shields  
  61  7:19  Marine  
  61  7:20  Marine x3  
  70  7:28  Marine x2  
  72  7:30  SCV x2  
  72  7:31  Supply Depot x2  
  72  7:34  Marine x2  
  79  7:41  Missile Turret  
  79  7:43  SCV x2, Missile Turret  
  78  7:46  Marine  
  78  7:47  Marine x2  
  78  7:50  Factory Reactor  
  75  7:53  Starport  
  75  7:57  SCV x2  
  74  8:06  Missile Turret  
  61  8:16  Marine x10  
  61  8:17  Marine x2  
  61  8:20  SCV x2  
  61  8:31  Missile Turret  
  61  8:32  SCV x2  
  61  8:33  Marine  
  61  8:34  Marine x4  
  64  8:35  Missile Turret  
  64  8:37  Marine x3  
  64  8:38  Marine x2  
  71  8:44  SCV x2  
  71  8:54  Marine x4  
  75  8:56  SCV  
  75  9:02  Medivac x2  
  79  9:03  Factory Reactor, Orbital Command  
  79  9:04  Marine  
  79  9:05  Marine x2  
  82  9:13  Marine x2  
  81  9:28  Marine x3  
  81  9:29  SCV  
  80  9:34  Marine x6  
  80  9:35  Medivac  
  80  9:38  SCV x2  
  83  9:41  SCV  
  83  9:45  Widow Mine x2  
  83  9:46  Medivac  
  83  9:48  Terran Infantry Armor Level 1  
  83  9:50  Armory  
  89  9:53  Engineering Bay  
  89  9:55  SCV x3  
  89  9:57  Missile Turret  
  89  9:59  Marine x4  
  95  10:05  Supply Depot  
  95  10:07  Supply Depot, SCV, Marine x4  
  96  10:11  Supply Depot  
  101  10:23  Marine x2  
  101  10:26  Marine x3, Widow Mine x2  
  101  10:28  Medivac x2, Marine x2  
  114  10:30  Marine x2  
  114  10:32  Marine  
  117  10:40  Marine x2  
  118  10:43  Marine  
  118  10:44  Marine x2  
  118  10:46  Marine x2  
  118  10:48  Marine x2  
  125  10:54  Marine  
  117  10:58  Marine x2  
  117  11:00  Marine  
  117  11:02  Marine x2  
  117  11:03  Widow Mine, Marine x2  
  117  11:04  Medivac x2, Widow Mine  
  116  11:05  Marine  
  116  11:10  SCV x2, Marine  
  122  11:12  Marine  
  122  11:17  Supply Depot, Marine x2  
  116  11:18  Marine  
  116  11:19  Supply Depot  
  116  11:20  Supply Depot, Marine x2  
  116  11:21  Marine  
  116  11:22  Command Center  
  120  11:27  Marine x3  
  120  11:30  Marine  
  124  11:33  Barracks  
  124  11:35  Marine  
  124  11:37  Marine  
  124  11:39  Marine x3  
  123  11:40  Marine  
  115  11:47  Widow Mine, Marine x3  
  115  11:48  Medivac, Marine  
  115  11:51  Medivac  
  115  11:52  Marine, Widow Mine  
  127  11:55  Marine  
  127  11:57  Marine x4  
  125  12:05  Marine x4  
  121  12:10  Marine  
  121  12:13  Marine  
  121  12:15  Marine x4  
  123  12:23  Marine x3  
Tags
 
Add a new tag
Caveats
  • Supply blocks, unpowered buildings, or Contaminate may cause inaccurate times.
  • Supply counts are checked every 10 seconds.